 Dungeon Crawl Stone Soup version 0.32-a0-485-g70f7560 (webtiles) character file.

Game seed: 1405983392092943487

4694820 Dorkslayer the Axe Maniac (level 27, 273/273 HPs)
             Began as a Coglin Fighter on Feb 25, 2024.
             Was the Champion of the Shining One.
             Escaped with the Orb
             ... and 6 runes on Feb 26, 2024!
             The game lasted 05:09:49 (61481 turns).

Dorkslayer the Axe Maniac (Coglin Fighter)         Turns: 61481, Time: 05:09:50

Health: 273/273    AC: 43    Str: 34    XL:     27
Magic:  31/31      EV: 21    Int:  8    God:    the Shining One [******]
Gold:   9115       SH:  5    Dex: 18    Spells: 26/26 levels left

rFire   + + +        A - +9 broad axe (flame) {Ujjalroop}
rCold   + + +        W - +7 broad axe (holy) {Myungok}
rNeg    + + +        P - +9 gold dragon scales
rPois   +            m - +0 helmet "Noomidd" {rF+ Regen+ Str+2}
rElec   +            X - +2 cloak {Will+}
rCorr   .            k - +1 pair of gloves "Moklisal" {rElec Slay+2}
SInv    .            e - +2 pair of slick slippers {slick, slippery, EV+4}
Will    +++..        Z - amulet "Myloneusei" {Reflect Str+6 SH+5} Stlth
                     (ring unavailable)
HPRegen 2.25/turn    (ring unavailable)
MPRegen 0.22/turn

%: reflection
@: flying, glowing, studying 3 skills
A: cold resistance 2, fire resistance 1, off-hand wielding, slow wielding,
warmup strikes, no rings, deterioration 1, poison resistance, regeneration 1,
robust 1, inability to drink after injury 1, inability to read after injury 1
0: Orb of Zot
}: 6/15 runes: serpentine, barnacled, silver, obsidian, bone, abyssal
a: Renounce Religion, Divine Shield, Cleansing Flame, Summon Divine Warrior


You escaped.
You worshipped the Shining One.
The Shining One was exalted by your worship.
You visited 15 branches of the dungeon, and saw 67 of its levels.
You visited the Abyss 2 times.
You also visited: Sewer and Ice Cave.

You collected 31193 gold pieces.
You spent 10007 gold pieces at shops.
You paid 12071 gold pieces to Gozag.

Inventory:

Hand Weapons
 A - a +9 broad axe of flaming (weapon) {Ujjalroop}
 V - a +0 trishula of holy wrath {Citlalmina}
 W - a +7 broad axe of holy wrath (offhand) {Myungok}
Missiles
 y - 11 throwing nets
 B - 59 boomerangs (quivered)
 C - 12 silver javelins
 N - 6 javelins
Armour
 e - the +2 pair of slick slippers (worn) {slick, slippery, EV+4}
   (You bought it in a shop on level 2 of the Orcish Mines)

   Slick:     Its wearer cannot be constricted, engulfed, netted, webbed, or
   stopped by binding sigils.
   Slippery:  Its wearer slips away from damaging melee attacks, pulling the
   attacker onward.
   EV+4:      It affects your evasion (+4).
 k - the +1 pair of gloves "Moklisal" (worn) {rElec Slay+2}
   (You bought it in a shop on level 2 of the Orcish Mines)

   Slay+2:    It affects your accuracy & damage with ranged weapons and melee
   (+2).
   rElec:     It insulates you from electricity.
 m - the +0 helmet "Noomidd" (worn) {rF+ Regen+ Str+2}
   (You took it off Robin on level 3 of the Dungeon)

   Str+2:     It affects your strength (+2).
   rF+:       It protects you from fire.
   Regen+:    It increases your rate of health regeneration.
 P - +9 gold dragon scales (worn)
 S - the +0 pair of boots "Axaush" {Rampage Str+3 Dex+2}
   (You bought it in a shop on level 4 of the Snake Pit)

   Str+3:     It affects your strength (+3).
   Dex+2:     It affects your dexterity (+2).
   Rampage:   It bestows one free step when moving towards enemies.
 X - a +2 cloak of willpower (worn)
 Y - a +1 helmet of see invisible
Jewellery
 u - the amulet "Ykee" {Reflect MP+9 Dex+5 SH+5}
   (You found it on level 1 of the Lair of Beasts)

   [amulet of reflection]

   Reflect:   It reflects blocked missile attacks.
   Dex+5:     It affects your dexterity (+5).
   MP+9:      It affects your magic capacity (+9).
   SH+5:      It affects your SH (+5).
 Z - the amulet "Myloneusei" (around neck) {Reflect Str+6 SH+5}
   (You took it off a deep elf demonologist on level 3 of the Elven Halls)

   [amulet of reflection]

   Reflect:   It reflects blocked missile attacks.
   Str+6:     It affects your strength (+6).
   SH+5:      It affects your SH (+5).
Talismans
 p - the serpent talisman of Plasticity {Fly MP+9 Stlth+}
   (You took it off Aizul on level 4 of the Snake Pit)

   [serpent talisman]

   MP+9:      It affects your magic capacity (+9).
   Fly:       It grants you flight.
   Stlth+:    It makes you more stealthy.
Wands
 h - a wand of flame (156)
 n - a wand of digging (3)
 q - a wand of quicksilver (13)
 z - a wand of mindburst (39)
 D - a wand of iceblast (59)
 H - a wand of charming (74)
Scrolls
 f - 3 scrolls of silence
 g - 11 scrolls of fear
 l - 5 scrolls of poison
 r - 9 scrolls of revelation
 t - 11 scrolls of teleportation
 w - a scroll of enchant armour
 x - 9 scrolls of fog
 I - 31 scrolls of identify
 K - 9 scrolls of blinking
 T - a scroll of immolation
Potions
 a - 5 potions of cancellation
 b - 8 potions of brilliance
 c - 26 potions of curing
 d - a potion of might
 i - 3 potions of heal wounds
 j - 4 potions of magic
 s - 5 potions of berserk rage
 v - 5 potions of mutation
 L - a potion of haste
 M - 11 potions of enlightenment
 Q - 6 potions of ambrosia
 R - 6 potions of resistance
Miscellaneous
 o - a phantom mirror
 E - a phial of floods
 F - a lightning rod (4/4)
 G - the horn of Geryon
 O - a box of beasts
 U - a tin of tremorstones (2/2)


   Skills:
 O Level 27 Fighting
 O Level 27 Axes
 + Level 6.6(17.8) Polearms
 + Level 15.3 Ranged Weapons
 + Level 3.1 Throwing
 * Level 20.8 Armour
 * Level 18.8 Dodging
 - Level 5.9 Stealth
 - Level 2.1 Shields
 * Level 10.7 Invocations
 * Level 25.3 Evocations


You had 26 spell levels left.
You didn't know any spells.
Your spell library contained the following spells:

 Spells                   Type           Power      Damage    Failure   Level
 Apportation              Tloc           0%         N/A       97%         1
 Kiss of Death            Conj/Necr      0%         2d5       97%         1
 Magic Dart               Conj           0%         1d3       97%         1
 Necrotise                Necr           0%         1d4       97%         1
 Sandblast                Erth           0%         2d4       97%         1
 Slow                     Hex            0%         N/A       97%         1
 Summon Small Mammal      Summ           0%         N/A       97%         1
 Cigotuvi's Dreadful Rot  Necr/Alch/Air  0%         N/A       99%         2
 Ensorcelled Hibernation  Hex/Ice        0%         N/A       99%         2
 Jinxbite                 Hex            0%         N/A       99%         2
 Lesser Beckoning         Tloc           0%         N/A       99%         2
 Scorch                   Fire           0%         2d5       99%         2
 Searing Ray              Conj           0%         2d4       99%         2
 Static Discharge         Conj/Air       0%         3-3/arc   99%         2
 Call Canine Familiar     Summ           0%         N/A       100%        3
 Confusing Touch          Hex            0%         N/A       100%        3
 Dazzling Flash           Conj/Hex       0%         N/A       100%        3
 Fugue of the Fallen      Necr           0%         N/A       100%        3
 Gell's Gravitas          Tloc           0%         N/A       100%        3
 Hailstorm                Conj/Ice       0%         3d5       100%        3
 Mephitic Cloud           Conj/Alch/Air  0%         N/A       100%        3
 Ozocubu's Armour         Ice            0%         N/A       100%        3
 Passwall                 Erth           0%         N/A       100%        3
 Sigil of Binding         Hex            0%         N/A       100%        3
 Stone Arrow              Conj/Erth      0%         3d7       100%        3
 Summon Ice Beast         Ice/Summ       0%         N/A       100%        3
 Swiftness                Air            0%         N/A       100%        3
 Teleport Other           Tloc           0%         N/A       100%        3
 Tukima's Dance           Hex            0%         N/A       100%        3
 Vampiric Draining        Necr           0%         2d6       100%        3
 Volatile Blastmotes      Fire/Tloc      0%         2d10      100%        3
 Airstrike                Air            0%         2d(0-16)  100%        4
 Anguish                  Hex/Necr       0%         N/A       100%        4
 Animate Armour           Summ/Erth      0%         N/A       100%        4
 Brom's Barrelling Bould  Conj/Erth      0%         2d3       100%        4
 Dimensional Bullseye     Hex/Tloc       0%         N/A       100%        4
 Dispel Undead            Necr           0%         3d6       100%        4
 Flame Wave               Conj/Fire      0%         2d4       100%        4
 Fulminant Prism          Conj/Alch      0%         3d5       100%        4
 Iskenderun's Mystic Bla  Conj/Tloc      0%         2d3       100%        4
 Leda's Liquefaction      Alch/Erth      0%         N/A       100%        4
 Manifold Assault         Tloc           0%         N/A       100%        4
 Martyr's Knell           Necr/Summ      0%         N/A       100%        4
 Olgreb's Toxic Radiance  Alch           0%         N/A       100%        4
 Passage of Golubria      Tloc           0%         N/A       100%        4
 Summon Blazeheart Golem  Fire/Summ      0%         N/A       100%        4
 Summon Lightning Spire   Summ/Air       0%         N/A       100%        4
 Alistair's Intoxication  Alch           0%         N/A       100%        5
 Curse of Agony           Necr           0%         N/A       100%        5
 Freezing Cloud           Conj/Ice/Air   0%         6-21      100%        5
 Lee's Rapid Deconstruct  Erth           0%         3d4*      100%        5
 Metabolic Englaciation   Hex/Ice        0%         N/A       100%        5
 Silence                  Hex/Air        0%         N/A       100%        5
 Summon Forest            Summ/Tloc      0%         N/A       100%        5
 Summon Mana Viper        Hex/Summ       0%         N/A       100%        5
 Yara's Violent Unravell  Hex/Alch       0%         3d3       100%        5
 Bombard                  Conj/Erth      0%         9d1       100%        6
 Death Channel            Necr           0%         N/A       100%        6
 Dispersal                Tloc           0%         N/A       100%        6
 Eringya's Noxious Bog    Alch           0%         4d6       100%        6
 Sculpt Simulacrum        Ice/Alch       0%         N/A       100%        6
 Starburst                Conj/Fire      0%         6d3       100%        6
 Summon Cactus Giant      Summ           0%         N/A       100%        6
 Enfeeble                 Hex            0%         N/A       100%        7
 Malign Gateway           Summ/Tloc      0%         N/A       100%        7
 Monstrous Menagerie      Summ           0%         N/A       100%        7
 Orb of Destruction       Conj           0%         9d5       100%        7
 Ozocubu's Refrigeration  Ice            0%         4d7       100%        7
 Spellforged Servitor     Conj/Summ      0%         N/A       100%        7
 Summon Hydra             Summ           0%         N/A       100%        7
 Discord                  Hex            0%         N/A       100%        8
 Disjunction              Tloc           0%         N/A       100%        8
 Lehudib's Crystal Spear  Conj/Erth      0%         10d2      100%        8
 Maxwell's Capacitive Co  Air            0%         ∞         100%        8
 Summon Horrible Things   Summ           0%         N/A       100%        8


Dungeon Overview and Level Annotations

Branches:
Dungeon (15/15)            Temple (1/1) D:6            Lair (5/5) D:10
 Shoals (4/4) Lair:3        Snake (4/4) Lair:2        Slime (0/5) Lair:5
    Orc (2/2) D:10            Elf (3/3) Orc:2        Vaults (5/5) D:13
  Crypt (3/3) Vaults:3       Tomb (1/3) Crypt:3      Depths (4/4) D:15
   Hell (visited)             Geh (7/7) Hell            Coc (0/7) Hell
    Tar (7/7) Hell            Zot (5/5) Depths:4      Sewer (visited)
  IceCv (visited)
    Dis: Hell:1

Altars:
Ashenzari
Cheibriados
Dithmenos
Elyvilon
Fedhas
Gozag
Hepliaklqana
Kikubaaqudgha
Makhleb
Nemelex Xobeh
Okawaru
Qazlal
Ru
Sif Muna
Trog
Uskayaw
Vehumet
Wu Jian
Xom
Yredelemnul
Zin
The Shining One
Beogh
Jiyva

Shops:
D:7 (   D:10 *   D:12 (   D:15 ?*   Orc:2 (([!   Shoals:1 [   Shoals:2 ?
Shoals:3 *   Snake:4 ![[   Vaults:1 !   Crypt:1 ?!!*![*

Portals:
Hell: Depths:1 Depths:2 Depths:3 Depths:4
Abyss: Depths:1 Depths:3
Pandemonium: Depths:2
Ziggurat: Depths:3


Innate Abilities, Weirdness & Mutations

Your flesh is very cold resistant. (rC++)
Your flesh is heat resistant. (rF+)
You can wield a second weapon in your off-hand.
It takes a long time for you to wield or remove held weapons.
Your first few attacks do less damage.
Your grasper-arms cannot wear rings.
Your body sometimes deteriorates upon taking damage.
Your system is resistant to poisons. (rPois)
Your natural rate of healing is unusually fast.
You are robust. (+10% HP)
You occasionally lose the ability to drink potions when taking damage.
You occasionally lose the ability to read scrolls when taking damage.


Message History

You see here a ball python skeleton.
A sixfirhy comes into view.
The sixfirhy hits you but does no damage.
The sixfirhy completely misses you. x2
You slice the sixfirhy with your +7 broad axe of holy wrath!!
The sixfirhy convulses!!!
You kill the sixfirhy!
The Shining One accepts your kill.
There is an open door here.
You see here a ball python skeleton.
An Orb Guardian comes into view.
There is an open door here.
You see here a +0 spear.
You barely miss the Orb Guardian with your +9 broad axe of flaming.
You slice the Orb Guardian with your +7 broad axe of holy wrath!!
The Orb Guardian hits you but does no damage.
You barely miss the Orb Guardian with your +7 broad axe of holy wrath.
The Orb Guardian is moderately wounded.
You closely miss the Orb Guardian with your +9 broad axe of flaming.
The Orb Guardian closely misses you.
You hit the Orb Guardian but do no damage.
The Orb Guardian is moderately wounded.
You slash the Orb Guardian with your +7 broad axe of holy wrath!
The Orb Guardian misses you.
You hit the Orb Guardian with your +9 broad axe of flaming.
You burn the Orb Guardian.
The Orb Guardian is heavily wounded.
You barely miss the Orb Guardian with your +7 broad axe of holy wrath.
The Orb Guardian hits you but does no damage.
You completely miss the Orb Guardian with your +7 broad axe of holy wrath.
The Orb Guardian is heavily wounded.
You slash the Orb Guardian with your +9 broad axe of flaming!
You burn the Orb Guardian.
The Orb Guardian hits you but does no damage.
You slice the Orb Guardian with your +9 broad axe of flaming!!
You burn the Orb Guardian.
You kill the Orb Guardian!
There is an open door here.
There is a staircase leading out of the dungeon here.
You have escaped!

#..#############.#
#....#####.....#.#
#...##~~~##..#...######
#..##≈≈P~~##.#........#
#.##≈~~.~≈≈###........#
#.#≈≈P.ß.P~≈##........#
#.#≈~.....~~##........#
#.ß~.....(.~ß#........#
#.'.Pß.@.ßP.'.........#
########
#.ß~.......~ß.........#
.......#
#.#≈≈.....~~##.########
.......# #.#≈~P.ß.P≈≈##.#
.......# #.##≈~≈.~~~###.#
.......# #..##≈~P≈≈##.#.#
.......###...##~~≈##..#.#
.......##.....#####.....#
...†...#..##### #######


There were no monsters in sight!

Vanquished Creatures
  Ereshkigal (Tar:7)
  Asmodeus (Geh:7)
  6 dread liches
  the Serpent of Hell (Geh:7)
  3 orbs of fire (Zot:5)
  7 ancient liches
  Boris (twice) (Depths:1 Crypt:3)
  The ghost of Houmnergh the Rich, a master GnSh of Gozag (Crypt:1)
  Saint Roka (Orc:2)
  Vashnia (Snake:2)
  7 Killer Klowns (Zot:5)
  2 curse toes
  Geryon (Hell)
  Nikola (Snake:4)
  8 golden dragons
  12 profane servitors
  17 bone dragons
  Jory (Crypt:1)
  the Enchantress (Depths:3)
  6 doom hounds
  20 Tzitzimimeh
  7 Brimstone Fiends (Geh:7)
  2 pandemonium lords
  8 hellephants
  5 electric golems
  A spectral shard shrike (Tar:2)
  The ghost of Tagg the Eclecticist, a veteran DjIE of Hepliaklqana (Vaults:2)
  A Hell Sentinel (D:12)
  Jorgrun (Orc:1)
  Asterion (Snake:4)
  28 Orb Guardians
  4 deep elf blademasters
  11 liches
  3 titans (Vaults:5)
  9 quicksilver dragons
  26 tentacled monstrosities
  12 tainted leviathans
  A walking frostbound tome (Depths:2)
  19 searing wretches
  12 sphinxes
  Murray (Hell)
  Polyphemus (Shoals:2)
  Agnes (Snake:4)
  3 deep elf master archers
  7 death cobs
  5 ancient champions
  A thorn hunter (Abyss:3)
  5 tentacled starspawn (Abyss:3)
  3 tengu reavers
  Gastronok (Lair:3)
  16 storm dragons
  7 shadow dragons
  2 revenants
  Aizul (Snake:4)
  A draconian knight (Zot:2)
  A draconian monk (Zot:3)
  3 protean progenitors
  20 vault wardens
  Donald (Shoals:2)
  10 fire giants
  5 nagarajas
  11 frost giants
  An iron dragon (shapeshifter) (Depths:2)
  5 deep elf sorcerers
  4 deep elf elementalists
  18 balrugs
  2 ghost moths (Zot:4)
  4 curse skulls
  5 draconian shifters
  3 draconian scorchers
  A draconian stormcaller (Zot:3)
  2 ghouls (Crypt:2)
  2 spectral juggernauts
  2 iron dragons (Depths:2)
  5 formless jellyfish
  A caustic shrike skeleton (Crypt:1)
  15 reapers
  3 spriggan defenders (Depths:3)
  10 very ugly things
  20 ironbound preservers
  Louise (Snake:4)
  2 angels
  7 draconian annihilators
  7 ironbound thunderhulks
  3 orc warlords
  22 stone giants
  4 green draconians
  Nessos (Lair:5)
  37 putrid mouths
  10 vampire knights
  An apis (Shoals:4)
  A formless jellyfish (shapeshifter) (Depths:2)
  11 deep elf annihilators
  11 black draconians
  2 bennus (Tomb:1)
  7 deep elf death magi
  5 white draconians
  9 deep elf demonologists
  12 dire elephants
  An eleionoma (shapeshifter) (Depths:2)
  7 purple draconians
  3 spectral titans
  3 spark wasps (Depths:4)
  8 eidola
  6 red draconians
  8 war gargoyles
  7 yellow draconians
  2 iron golems (Hell)
  Snorg (Lair:3)
  2 blizzard demons (Hell)
  A crystal guardian (Depths:2)
  An entropy weaver (shapeshifter) (Elf:1)
  8 fire dragons
  2 spectral iron giants
  A fire dragon (shapeshifter) (Vaults:3)
  15 ettins
  15 yaktaur captains
  A spectral quicksilver dragon (Tar:3)
  An entropy weaver (Vaults:4)
  8 jiangshi
  5 merfolk javelineers
  2 quicksilver dragon zombies
  Josephine (D:12)
  6 deep elf high priests
  Fannar (D:12)
  2 spectral spriggans
  11 merfolk impalers
  A fenstrider witch zombie (Tomb:1)
  Harold (D:11)
  10 rakshasas
  5 great orbs of eyes
  A sphinx zombie (D:15)
  9 spriggan air magi
  12 ironbound frosthearts
  A peacekeeper (Vaults:2)
  44 vault guards
  2 alligators (Zot:4)
  An alligator snapping turtle (Shoals:4)
  7 salamander tyrants
  5 ice dragons
  5 hydras
  An ogre mage (Vaults:5)
  A hell beast (Depths:1)
  11 merfolk aquamancers
  3 catoblepae
  2 death knights
  A merfolk avatar (Shoals:4)
  11 centaur warriors
  6 boulder beetles
  5 anacondas
  6 satyrs
  7 two-headed ogres
  3 spriggan skeletons
  7 stokers
  5 deep troll shamans
  9 naga warriors
  7 vampire magi
  30 dancing weapons
  17 death yaks
  A spectral dire elephant (Tar:6)
  5 deep troll earth magi
  5 shock serpents
  A tengu warrior (D:14)
  6 death scarabs (Tomb:1)
  34 hell hogs
  3 orc high priests
  4 spriggan berserkers
  9 occultists
  11 sun demons
  2 thrashing horrors (Abyss:3)
  8 soul eaters
  19 naga sharpshooters
  Amaemon (D:8)
  Nergalle (Lair:1)
  2 spectral death yaks (Lair:5)
  8 deep elf knights
  2 skysharks
  A storm dragon zombie (Crypt:2)
  20 hell knights
  A sixfirhy (D:1)
  A spectral anaconda (Lair:5)
  5 salamander mystics
  5 iron trolls
  3 wretched stars (Abyss:3)
  2 anaconda zombies (Hell)
  56 deep trolls
  A storm dragon skeleton (D:15)
  34 shadow wraiths
  2 spriggan druids (Elf:1)
  7 sea snakes
  2 glowing orange brains
  20 skeletal warriors
  9 arcanists
  3 cherubim (Shoals:4)
  13 flayed ghosts
  4 deep elf archers
  2 deep trolls (shapeshifter) (Depths:2)
  2 swamp dragons (Abyss:3)
  An orb spider (Zot:3)
  A steelbarb worm (shapeshifter) (Vaults:5)
  A sun moth (shapeshifter) (Elf:1)
  A kraken simulacrum (Shoals:2)
  A spriggan simulacrum (Tomb:1)
  A snapping turtle (shapeshifter) (Depths:2)
  An obsidian statue (Lair:5)
  8 necromancers
  13 ironbound convokers
  10 mana vipers
  5 naga ritualists
  A bog body (Crypt:2)
  An eye of devastation (shapeshifter) (Depths:2)
  31 deep elf zephyrmancers
  3 starcursed masses (Abyss:3)
  4 harpies
  13 lindwurms
  32 phantasmal warriors
  A spectral alligator (Tar:1)
  5 orc knights
  26 deep elf pyromancers
  2 harpies (shapeshifter)
  3 thermic dynamos
  2 spectral ettins
  4 oklob plants (Lair:1)
  22 moths of wrath
  An alligator zombie (Hell)
  A tengu skeleton (Vaults:3)
  2 wolf spiders (Lair:4)
  31 ugly things
  5 orc sorcerers
  3 worldbinders (Abyss:3)
  13 manticores
  15 fauns
  An iron dragon zombie (Crypt:3)
  An iron dragon skeleton (Crypt:3)
  A spectral centaur (Tar:2)
  Maurice (D:10)
  A formless jellyfish zombie (Crypt:2)
  11 salamanders
  16 elephants (Lair:5)
  2 large abominations
  7 cyclopes
  An apocalypse crab (Abyss:3)
  5 merfolk sirens
  An elephant (shapeshifter) (Vaults:1)
  A goliath frog skeleton (Crypt:2)
  5 kobold blastminers
  10 rust devils
  5 ice statues
  3 water nymphs (shapeshifter)
  2 guardian serpents
  A torpor snail (Lair:5)
  A dire elephant zombie (Crypt:3)
  A naga zombie (Crypt:1)
  29 vault sentinels
  3 orange demons
  5 water nymphs
  28 black mambas
  9 cane toads
  11 smoke demons
  A mana viper zombie (Crypt:1)
  11 naga magi
  A dire elephant skeleton (Crypt:3)
  An unseen horror (Tar:7)
  4 gargoyles (Crypt:3)
  2 sea snake zombies (Hell)
  40 yaktaurs
  6 hellions
  4 spectral nagas
  2 kobold demonologists (D:13)
  5 rime drakes
  8 freezing wraiths
  9 tormentors
  An efreet (Abyss:3)
  Psyche (D:11)
  An ice devil (Hell)
  8 komodo dragons
  7 tengu conjurers
  4 guardian mummies (Tomb:1)
  2 harpy zombies
  An anaconda simulacrum (Hell)
  4 ancient zymes (Abyss:3)
  4 trolls
  19 merfolk
  A hydra zombie (Hell)
  3 spectral harpies
  2 polar bears
  Grinder (D:3)
  4 hellwings (Abyss:3)
  3 hornets (Depths:3)
  A hydra skeleton (Hell)
  A catoblepas skeleton (Tomb:1)
  A troll (shapeshifter) (Elf:1)
  2 raiju (shapeshifter)
  3 harpy skeletons
  A tarantella (Lair:4)
  12 blink frogs
  A tyrant leech (Zot:4)
  2 wind drakes
  8 raiju (Abyss:3)
  4 snapping turtles
  14 dream sheep
  An ice dragon zombie (Crypt:2)
  2 jumping spiders (Lair:4)
  25 slime creatures
  A human simulacrum (Vaults:3)
  A slime creature (shapeshifter) (Depths:2)
  7 shadows
  2 spriggans (shapeshifter) (D:13)
  3 air elementals
  2 ynoxinuls (Abyss:3)
  A culicivora (shapeshifter) (Depths:1)
  3 spriggans (Depths:3)
  16 water elementals
  2 wyverns
  A black mamba skeleton (Crypt:2)
  A dire elephant simulacrum (IceCv)
  48 yaks
  A fire bat (D:9)
  A hog (shapeshifter) (Depths:4)
  4 ushabtiu (Tomb:1)
  5 vampires
  4 sea snake simulacra (Shoals:2)
  21 wraiths
  A redback (shapeshifter) (Depths:2)
  6 basilisks
  3 wargs
  2 fire elementals
  2 redbacks
  4 steam dragons
  4 vampire mosquitoes (D:15)
  6 death yak simulacra
  3 neqoxecs
  3 chaos spawn
  A glowing shapeshifter zombie (Vaults:3)
  33 nagas
  4 harpy simulacra (Shoals:2)
  A hydra simulacrum (IceCv)
  A cane toad zombie (Crypt:1)
  A jumping spider (shapeshifter) (Depths:2)
  A swamp drake (D:10)
  13 water moccasins
  A cane toad skeleton (Crypt:2)
  A naga skeleton (Crypt:3)
  14 hell hounds
  36 orc warriors
  5 sky beasts
  2 ice beasts
  An elephant zombie (Lair:5)
  5 black bears
  A satyr simulacrum (Shoals:2)
  16 laughing skulls
  5 ogres
  11 wolves
  A human zombie (Vaults:3)
  A crocodile (Sewer)
  An ogre (shapeshifter) (Abyss:3)
  4 boggarts (Vaults:1)
  17 centaurs
  An elephant skeleton (Lair:5)
  A kobold brigand (D:7)
  8 bullfrogs
  A brain worm (Sewer)
  A rime drake skeleton (Crypt:2)
  A gnoll sergeant (D:11)
  4 faun simulacra (Shoals:2)
  5 earth elementals
  3 cane toad simulacra
  3 scorpions (D:5)
  2 merfolk simulacra (Shoals:2)
  A wight (Crypt:3)
  A water moccasin skeleton (Crypt:2)
  A yak zombie (Crypt:1)
  13 killer bees
  A manticore simulacrum (Shoals:2)
  A snapping turtle simulacrum (Shoals:2)
  An electric eel (D:7)
  4 elephant simulacra
  A shapeshifter skeleton (Crypt:1)
  A wolf zombie (Crypt:1)
  7 howler monkeys
  4 lava snakes (Lair:4)
  A quasit (Abyss:3)
  A gnoll bouda (D:4)
  7 hounds
  A centaur skeleton (Crypt:1)
  15 orc priests
  6 jellies (Lair:5)
  4 iguanas
  21 orc wizards
  5 hell rats (Hell)
  A polar bear simulacrum (IceCv)
  A wolf simulacrum (IceCv)
  2 centaur simulacra (Shoals:2)
  5 mummies (Tomb:1)
  Robin (D:3)
  12 gnolls
  7 adders
  4 shadow imps
  2 white imps
  5 ufetubi
  A lava snake skeleton (Crypt:2)
  A lava snake zombie (Crypt:1)
  An adder skeleton (Crypt:2)
  2 ribbon worms
  A dart slug (D:3)
  80 orcs
  8 ball pythons
  7 endoplasms
  6 giant cockroaches
  14 goblins
  11 hobgoblins
  4 jackals (D:1)
  8 quokkas
  3 training dummies (D:12)
  A ball python skeleton (Crypt:2)
  19 bats
  5 frilled lizards
  8 kobolds
  2 rats
  A spectral goblin (D:13)
  3 aspiring fleshes
  5 creeping infernos
  11 fire vortices
  A lurking horror (Abyss:3)
  3 spectral weapons
  4 starspawn tentacles (Abyss:3)
  3 tentacles (Shoals:2)
2673 creatures vanquished.

Vanquished Creatures (collateral kills)
  A dread lich (Vaults:5)
  Bai Suzhen (Vaults:4)
  Parghit (Depths:4)
  2 shadow dragons
  A fire giant (Vaults:5)
  A purple draconian (Depths:4)
  A yaktaur captain (Vaults:5)
8 creatures vanquished.

Vanquished Creatures (others)
  An orb of fire (Zot:5)
  A tentacled monstrosity (Zot:1)
  2 sphinxes (Tomb:1)
  A fire giant (Depths:3)
  A salamander tyrant (Snake:4)
  A stoker (Geh:7)
  2 deep elf knights
  A tengu conjurer (Depths:2)
  A creeping inferno (Geh:1)
  A fire vortex (Geh:7)
  A lurking horror (Abyss:3)
  8 starspawn tentacles (Abyss:3)
  5 tentacles (Shoals:2)
26 creatures vanquished.

Grand Total: 2707 creatures vanquished

Notes
Turn   | Place    | Note
-------+----------+-------------------------------------------
     0 | D:1      | Dorkslayer the Coglin Fighter began the quest for the Orb.
     0 | D:1      | Reached XP level 1. HP: 18/18 MP: 1/1
   117 | D:1      | Reached XP level 2. HP: 23/24 MP: 2/2
   240 | D:1      | Reached XP level 3. HP: 20/29 MP: 3/3
   384 | D:1      | Found a faded altar of an unknown god.
   793 | D:2      | Reached XP level 4. HP: 20/37 MP: 4/4
   976 | D:2      | Identified the +5 dagger of Makhleb's Grace {spect, rC+
                  | rCorr Stlth+}
  1359 | D:3      | Identified the +0 helmet "Noomidd" {rF+ Regen+ Str+2}
  1359 | D:3      | Noticed Robin
  1367 | D:3      | Killed Robin
  1449 | D:3      | Reached XP level 5. HP: 22/42 MP: 5/5
  1577 | D:3      | Noticed Grinder
  1594 | D:3      | Reached skill level 1 in Dodging
  1597 | D:3      | Paralysed by Grinder for 5 turns
  1610 | D:3      | Killed Grinder
  1611 | D:3      | Reached skill level 5 in Axes
  1611 | D:3      | Reached XP level 6. HP: 12/48 MP: 6/6
  1864 | D:4      | Reached XP level 7. HP: 54/54 MP: 7/7
  2015 | D:4      | Found a white marble altar of Elyvilon.
  2025 | D:4      | Reached skill level 1 in Evocations
  2249 | D:4      | Found a stormy altar of Qazlal.
  2561 | D:5      | Entered Level 5 of the Dungeon
  2684 | D:5      | Found a blossoming altar of Fedhas.
  2695 | D:5      | Reached XP level 8. HP: 58/61 MP: 8/8
  3118 | D:6      | Found a glowing drain.
  3140 | Sewer    | Entered a sewer
  3245 | D:6      | Found a radiant altar of Vehumet.
  3390 | D:6      | Found a staircase to the Ecumenical Temple.
  3399 | Temple   | Entered the Ecumenical Temple
  3441 | Temple   | Upgraded the game from 0.32-a0-475-g46bb8dd to
                  | 0.32-a0-481-g9ce6b88
  3444 | Temple   | Became a worshipper of Gozag Ym Sagoz the Greedy
  3608 | D:6      | Reached skill level 5 in Fighting
  4084 | D:7      | Found Ime Ufed's Antique Weapon Shop.
  4092 | D:7      | Bought a broad axe for 104 gold pieces
  4092 | D:7      | Bought a bloodstained spear for 208 gold pieces
  4092 | D:7      | Identified the +1 spear of Noalomen {spect, Dex+3} (You
                  | bought it in a shop on level 7 of the Dungeon)
  4153 | D:7      | Reached XP level 9. HP: 63/68 MP: 9/9
  4359 | D:7      | Reached skill level 5 in Evocations
  4441 | D:7      | Reached skill level 1 in Polearms
  4459 | D:7      | Reached skill level 5 in Armour
  4598 | D:7      | Found a shimmering altar of Xom.
  4968 | D:8      | Noticed Amaemon
  4970 | D:8      | Noticed an orange demon
  4983 | D:8      | Killed an orange demon
  4992 | D:8      | Killed Amaemon
  4993 | D:8      | Reached XP level 10. HP: 12/76 MP: 10/10
  5120 | D:8      | Noticed a two-headed ogre
  5131 | D:8      | Killed a two-headed ogre
  5132 | D:8      | Reached skill level 5 in Dodging
  5695 | D:9      | Found a broken altar of Ashenzari.
  5714 | D:9      | Noticed a two-headed ogre
  5728 | D:9      | Killed a two-headed ogre
  5756 | D:9      | Found a burning altar of Makhleb.
  5835 | D:9      | Found a glowing golden altar of the Shining One.
  5843 | D:9      | Found a hazy altar of Hepliaklqana.
  5861 | D:9      | Noticed a two-headed ogre
  5867 | D:9      | Killed a two-headed ogre
  5868 | D:9      | Reached skill level 1 in Stealth
  5868 | D:9      | Reached XP level 11. HP: 83/83 MP: 11/11
  5921 | D:9      | Found an ancient bone altar of Kikubaaqudgha.
  5980 | D:9      | Found a runed translucent door.
  5994 | D:9      | Reached skill level 10 in Axes
  6008 | D:9      | Found an opulent altar of Gozag.
  6019 | D:9      | Found an iron altar of Okawaru.
  6063 | D:9      | Found a snail-covered altar of Cheibriados.
  6098 | D:9      | Noticed a flayed ghost
  6105 | D:9      | Found a snail-covered altar of Cheibriados.
  6115 | D:9      | Found a hazy altar of Hepliaklqana.
  6163 | D:9      | Found a burning altar of Makhleb.
  6250 | D:9      | Killed a flayed ghost
  6650 | D:10     | Entered Level 10 of the Dungeon
  6706 | D:10     | Found a staircase to the Orcish Mines.
  6924 | D:10     | Noticed Maurice
  6935 | D:10     | Maurice stole 5 boomerangs
  6937 | D:10     | Maurice stole a lightning rod (4/4)
  6938 | D:10     | Killed Maurice
  7018 | D:10     | Found Niuk's Neck Hole.
  7140 | D:10     | Found a staircase to the Lair.
  7390 | Orc:1    | Entered Level 1 of the Orcish Mines
  7463 | Orc:1    | Noticed a two-headed ogre
  7476 | Orc:1    | Killed a two-headed ogre
  7477 | Orc:1    | Reached XP level 12. HP: 43/92 MP: 12/12
  7811 | Orc:1    | Found a radiant altar of Vehumet.
  7898 | Orc:1    | You fall into a shaft and drop 1 floor!
  7898 | Orc:2    | Entered Level 2 of the Orcish Mines
  7978 | Orc:1    | Noticed Jorgrun
  8005 | Orc:1    | Killed Jorgrun
  8208 | Orc:2    | Found a staircase to the Elven Halls.
  8482 | Orc:2    | Found a roughly hewn altar of Beogh.
  8551 | Orc:2    | Found a roughly hewn altar of Beogh.
  8566 | Orc:2    | Reached skill level 10 in Evocations
  8568 | Orc:2    | Found Lesmua's Distillery.
  8583 | Orc:2    | Bought a potion of invisibility for 120 gold pieces
  8583 | Orc:2    | Bought a potion of haste for 150 gold pieces
  8583 | Orc:2    | Bought a potion of cancellation for 120 gold pieces
  8583 | Orc:2    | Bought a potion of heal wounds for 75 gold pieces
  8583 | Orc:2    | Bought a potion of mutation for 120 gold pieces
  8583 | Orc:2    | Bought 2 potions of might for 120 gold pieces
  8583 | Orc:2    | Bought a potion of curing for 45 gold pieces
  8612 | Orc:2    | Found a roughly hewn altar of Beogh.
  8858 | Orc:2    | Noticed an orc high priest
  8858 | Orc:2    | Noticed Saint Roka
  8869 | Orc:2    | Killed an orc high priest
  8899 | Orc:2    | Killed Saint Roka
  8915 | Orc:2    | Noticed an orc high priest
  8916 | Orc:2    | Found Gaadd's Antique Weapon Boutique.
  8917 | Orc:2    | Found a roughly hewn altar of Beogh.
  8924 | Orc:2    | Killed an orc high priest
  8927 | Orc:2    | Found Jujeg's Antique Armour Shop.
  8933 | Orc:2    | Bought the +2 pair of slick slippers {slick, slippery,
                  | EV+4} for 918 gold pieces
  8933 | Orc:2    | Found the +2 pair of slick slippers {slick, slippery, EV+4}
  8933 | Orc:2    | Bought a pair of shimmering gloves for 323 gold pieces
  8933 | Orc:2    | Identified the +1 pair of gloves "Moklisal" {rElec Slay+2}
                  | (You bought it in a shop on level 2 of the Orcish Mines)
  9083 | Orc:2    | Gained mutation: Your flesh is cold resistant. (rC+)
                  | [Coglin growth]
  9083 | Orc:2    | Gained mutation: Your flesh is heat resistant. (rF+)
                  | [Coglin growth]
  9083 | Orc:2    | Reached XP level 13. HP: 99/99 MP: 13/13
  9083 | Orc:2    | Found a roughly hewn altar of Beogh.
  9087 | Orc:2    | Found Rourebbu's Weapon Boutique.
  9543 | D:11     | Noticed Psyche
  9549 | D:11     | Killed Psyche
  9584 | D:11     | Found a frozen archway.
  9593 | IceCv    | Entered an ice cave
 10018 | D:11     | Noticed Harold
 10030 | D:11     | Killed Harold
 10348 | Orc:2    | Bought a glowing plate armour for 884 gold pieces
 10488 | Lair:1   | Entered Level 1 of the Lair of Beasts
 10504 | Lair:1   | Upgraded the game from 0.32-a0-481-g9ce6b88 to
                  | 0.32-a0-485-g70f7560
 10954 | Lair:1   | Noticed Nergalle
 10964 | Lair:1   | Killed Nergalle
 11350 | Lair:2   | Reached skill level 15 in Axes
 11812 | Lair:2   | Found a staircase to the Snake Pit.
 12375 | Lair:3   | You fall into a shaft and drop 1 floor!
 12572 | Lair:4   | Reached XP level 14. HP: 99/108 MP: 14/14
 12580 | Lair:4   | Found a runed translucent door.
 12625 | Lair:4   | Identified the +6 whip "Ycakaneo" {flame, rElec Dex+2}
 12628 | Lair:4   | Found a runed translucent gate.
 12628 | Lair:4   | Found a runed translucent gate.
 12628 | Lair:4   | Found a runed translucent gate.
 12628 | Lair:4   | Found a runed translucent gate.
 12629 | Lair:4   | Found a runed translucent gate.
 12646 | Lair:4   | Found a runed translucent gate.
 12718 | Lair:4   | Identified the ring "Xual" {+Blink Int+6}
 12896 | Lair:3   | Noticed Snorg
 12903 | Lair:3   | Killed Snorg
 13017 | Lair:3   | Noticed Gastronok
 13040 | Lair:3   | Killed Gastronok
 14002 | Lair:5   | Entered Level 5 of the Lair of Beasts
 14052 | Lair:5   | Identified the +0 orcbow "Rompiryt" {heavy, rElec rPois}
 14427 | Lair:5   | Noticed Nessos
 14448 | Lair:5   | Killed Nessos
 14449 | Lair:5   | Reached XP level 15. HP: 115/115 MP: 15/15
 14544 | Lair:5   | Reached skill level 10 in Fighting
 14888 | Lair:5   | Found a viscous altar of Jiyva.
 14888 | Lair:5   | Found a staircase to the Slime Pits.
 15623 | Lair:1   | Identified the amulet "Ykee" {Reflect MP+9 Dex+5 SH+5}
 15793 | D:12     | Noticed Fannar
 15808 | D:12     | Killed Fannar
 15810 | D:12     | Noticed Josephine
 15822 | D:12     | Killed Josephine
 16029 | D:12     | Found Seifyuts's Firing Range.
 16036 | D:12     | Bought a manual of Ranged Weapons for 880 gold pieces
 16036 | D:12     | Bought 2 throwing nets for 66 gold pieces
 16437 | D:13     | Reached skill level 1 in Ranged Weapons
 16542 | D:13     | Found a gate to the Vaults.
 16699 | D:13     | Found a hazy altar of Hepliaklqana.
 17224 | D:14     | Reached XP level 16. HP: 118/125 MP: 16/16
 17927 | D:15     | Entered Level 15 of the Dungeon
 17965 | D:15     | Found a staircase to the Depths.
 18309 | D:15     | Found Tebeami's Changing Room.
 18318 | D:15     | Bought a potion of mutation for 120 gold pieces
 18322 | D:15     | Gained mutation: Your system is resistant to poisons.
                  | (rPois) [potion of mutation]
 18322 | D:15     | Gained mutation: You possess an exceptional clarity of
                  | mind. [potion of mutation]
 18322 | D:15     | Gained mutation: You are robust. (+10% HP) [potion of
                  | mutation]
 18460 | D:15     | Reached skill level 10 in Dodging
 18831 | D:15     | Found Hicoegh's Magic Scroll Shoppe.
 18859 | D:15     | Bought a scroll of teleportation for 51 gold pieces
 19411 | Depths:1 | Entered Level 1 of the Depths
 19622 | Snake:1  | Entered Level 1 of the Snake Pit
 20064 | Snake:1  | Reached skill level 5 in Ranged Weapons
 21071 | Snake:2  | Noticed Vashnia
 21088 | Snake:2  | Killed Vashnia
 21089 | Snake:2  | Reached XP level 17. HP: 16/149 MP: 17/17
 22109 | Snake:4  | Entered Level 4 of the Snake Pit
 22144 | Snake:4  | Reached skill level 10 in Armour
 22306 | Snake:4  | Noticed Asterion
 22316 | Snake:4  | Killed Asterion
 22513 | Snake:4  | Identified the serpent talisman of Plasticity {Fly MP+9
                  | Stlth+}
 22513 | Snake:4  | Noticed Aizul
 22530 | Snake:4  | Killed Aizul
 22628 | Snake:4  | Noticed Nikola
 22646 | Snake:4  | Killed Nikola
 22686 | Snake:4  | Noticed Louise
 22696 | Snake:4  | Killed Louise
 22698 | Snake:4  | Reached skill level 15 in Evocations
 23152 | Snake:4  | Bought a potion of curing for 51 gold pieces
 23152 | Snake:4  | Bought 2 potions of resistance for 340 gold pieces
 23152 | Snake:4  | Bought a potion of curing for 51 gold pieces
 23152 | Snake:4  | Bought a potion of might for 68 gold pieces
 23152 | Snake:4  | Bought a potion of heal wounds for 85 gold pieces
 23156 | Snake:4  | Bought a pair of warped boots for 323 gold pieces
 23156 | Snake:4  | Identified the +0 pair of boots "Axaush" {Rampage Str+3
                  | Dex+2} (You bought it in a shop on level 4 of the Snake
                  | Pit)
 23497 | Snake:4  | Noticed Agnes
 23502 | Snake:4  | Killed Agnes
 23525 | Snake:4  | Reached XP level 18. HP: 96/161 MP: 18/18
 23770 | Snake:4  | Got a serpentine rune of Zot
 23985 | Shoals:1 | Entered Level 1 of the Shoals
 24595 | Shoals:1 | Found Kirsasp's Dragon-Slaying Spoils.
 24619 | Shoals:1 | Bought +1 gold dragon scales for 1218 gold pieces
 24951 | Shoals:2 | Noticed Polyphemus
 24981 | Shoals:2 | Killed Polyphemus
 25204 | Shoals:2 | Noticed Donald
 25210 | Shoals:2 | Killed Donald
 25234 | Shoals:2 | Found Sotoid's Magic Scroll Shoppe.
 25244 | Shoals:2 | Bought a scroll of enchant weapon for 127 gold pieces
 25400 | Shoals:2 | Identified the +4 halberd "Rived" {flame, rN+ rCorr}
 25501 | Shoals:2 | Found a runed translucent gate.
 25501 | Shoals:2 | Found a runed translucent gate.
 25501 | Shoals:2 | Found a runed translucent gate.
 25578 | Shoals:2 | Reached skill level 15 in Fighting
 26279 | Shoals:3 | Found Pohoqed's Island Escapes.
 26533 | Shoals:4 | Entered Level 4 of the Shoals
 26708 | Shoals:4 | Identified the ring of Qidomp {Ice Will- rCorr Str-3 Dex+9}
 26926 | Shoals:4 | Reached XP level 19. HP: 171/171 MP: 19/19
 26946 | Shoals:4 | Found a glowing silver altar of Zin.
 26956 | Shoals:4 | Identified the amulet of Lies {Acrobat Str+3}
 26960 | Shoals:4 | Identified the ring of Oleqiug {rF+ MP+9 Slay+3}
 26981 | Shoals:4 | Got a barnacled rune of Zot
 27204 | Shoals:4 | Found a white marble altar of Elyvilon.
 27205 | Shoals:4 | Identified a scroll of acquirement
 27262 | Shoals:4 | Acquired a manual of Fighting
 27768 | Shoals:3 | Bought a scroll of blinking for 142 gold pieces
 27768 | Shoals:3 | Bought a scroll of blinking for 142 gold pieces
 28146 | Vaults:1 | Entered Level 1 of the Vaults
 28437 | Vaults:1 | Reached skill level 10 in Ranged Weapons
 28615 | Vaults:1 | Identified the +1 kite shield of the Snail {Dex+4}
 28693 | Vaults:1 | Identified the +7 mace "Caxzef" {pain, Fly rCorr Stlth+}
 28970 | Vaults:1 | Found Dilutana's Distillery.
 28990 | Vaults:1 | Bought a potion of heal wounds for 85 gold pieces
 28990 | Vaults:1 | Bought a potion of enlightenment for 85 gold pieces
 28990 | Vaults:1 | Bought a potion of haste for 170 gold pieces
 28990 | Vaults:1 | Bought a potion of might for 68 gold pieces
 28990 | Vaults:1 | Bought a potion of berserk rage for 85 gold pieces
 28990 | Vaults:1 | Bought a potion of heal wounds for 85 gold pieces
 29714 | Vaults:2 | Reached XP level 20. HP: 183/187 MP: 20/20
 29790 | Vaults:2 | Found a runed translucent door.
 29792 | Vaults:2 | Noticed Tagg's ghost (veteran DjIE)
 29802 | Vaults:2 | Killed Tagg's ghost
 30417 | Vaults:2 | Reached skill level 1 in Throwing
 31583 | Vaults:3 | Acquired 1126 gold pieces
 31921 | Vaults:3 | Found a staircase to the Crypt.
 31921 | Vaults:3 | Found a basalt altar of Yredelemnul.
 31921 | Vaults:3 | Found an ancient bone altar of Kikubaaqudgha.
 31985 | Vaults:3 | Reached XP level 21. HP: 192/202 MP: 21/21
 32015 | Vaults:3 | Paralysed by a formless jellyfish for 1 turns
 32912 | Vaults:4 | Identified the +4 pair of boots "Hamoo" {Harm rPois rF++
                  | rC-}
 33472 | Vaults:4 | Identified the ring of Winter {Str+3 Int+2 Dex+6 SInv}
 33854 | Vaults:4 | Noticed Bai Suzhen
 33869 | Vaults:4 | Killed Bai Suzhen
 33886 | Vaults:4 | Found a white marble altar of Elyvilon.
 34026 | Vaults:5 | Entered Level 5 of the Vaults
 34066 | Vaults:5 | Noticed a dread lich
 34075 | Vaults:5 | Reached XP level 22. HP: 146/207 MP: 22/22
 34079 | Vaults:5 | Noticed a golden dragon
 34085 | Vaults:5 | Killed a dread lich
 34097 | Vaults:5 | Killed a golden dragon
 34098 | Vaults:5 | Reached skill level 5 in Stealth
 34188 | Vaults:5 | Noticed a dread lich
 34199 | Vaults:5 | Killed a dread lich
 34734 | Vaults:5 | Got Sif Muna's Cyclopedia of Sidekicks and Finality
 35132 | Vaults:5 | Identified the +1 quick blade "Gram" {heavy, Dex+4}
 35154 | Vaults:5 | Found Gegood's Assorted Antiques.
 35163 | Vaults:5 | Identified the +10 dagger "Worm" {venom, *Slow rPois Dex+3}
 35196 | Vaults:5 | Identified the ring "Zorit" {Will+ MP+9 Int+3 Dex-3 SInv}
 35203 | Vaults:5 | Identified the +2 short sword of Ruination {heavy, rElec
                  | rN+ Str+3}
 35469 | Vaults:5 | Identified the ring "Unemoask" {Ice rPois Dex+4}
 35765 | Vaults:5 | Got a silver rune of Zot
 36007 | Depths:1 | Found Zin's Purification Station.
 36032 | Depths:1 | Found a glowing silver altar of Zin.
 36038 | Depths:1 | Bought a potion of curing for 90 gold pieces
 36452 | Depths:1 | Found a gateway to Hell.
 36461 | Depths:1 | Reached XP level 23. HP: 222/222 MP: 23/23
 36577 | Depths:1 | Identified the +2 robe "Rialeokh" {rPois Will+ Int-2
                  | Stlth+}
 36577 | Depths:1 | Noticed Boris
 36592 | Depths:1 | Killed Boris
 37068 | Depths:1 | Found a one-way gate to the infinite horrors of the Abyss.
 37200 | Depths:2 | Noticed a dread lich
 37207 | Depths:2 | Killed a dread lich
 37516 | Depths:2 | Identified the staff "Cif Bal" {rElec rCorr Necro Air}
 37518 | Depths:2 | Identified the staff of Coubrau {rF+ Dex+5 Fire Air}
 38017 | Depths:2 | Found a one-way gate leading to the halls of Pandemonium.
 38438 | Depths:3 | Noticed the Enchantress
 38508 | Depths:3 | Killed the Enchantress
 38609 | Depths:3 | Reached skill level 15 in Armour
 38821 | Depths:3 | Found a one-way gateway to a ziggurat.
 39267 | Depths:3 | Noticed an ancient lich
 39283 | Depths:3 | Identified the +1 pair of boots of Nirykkaf {Int+2}
 39299 | Depths:3 | Killed an ancient lich
 39313 | Depths:3 | Noticed an ancient lich
 39322 | Depths:3 | Killed an ancient lich
 39323 | Depths:3 | Reached XP level 24. HP: 71/233 MP: 23/23
 39745 | Depths:4 | Entered Level 4 of the Depths
 40263 | Depths:4 | Noticed Parghit
 41085 | Depths:4 | Killed Parghit
 41199 | Depths:4 | Found a gate to the Realm of Zot.
 41869 | Crypt:1  | Entered Level 1 of the Crypt
 41891 | Crypt:1  | Bought a wand of charming (5) for 180 gold pieces
 41891 | Crypt:1  | Bought a wand of iceblast (4) for 144 gold pieces
 41891 | Crypt:1  | Bought a potion of might for 60 gold pieces
 41893 | Crypt:1  | Bought 2 potions of heal wounds for 230 gold pieces
 41893 | Crypt:1  | Bought a potion of heal wounds for 115 gold pieces
 41893 | Crypt:1  | Bought a potion of haste for 230 gold pieces
 41893 | Crypt:1  | Bought a potion of haste for 230 gold pieces
 41897 | Crypt:1  | Bought a potion of curing for 57 gold pieces
 41897 | Crypt:1  | Bought a potion of curing for 57 gold pieces
 41901 | Crypt:1  | Bought a wand of iceblast (7) for 638 gold pieces
 41901 | Crypt:1  | Bought a wand of iceblast (3) for 273 gold pieces
 42347 | Crypt:1  | Noticed Jory
 42361 | Crypt:1  | Killed Jory
 42628 | Crypt:1  | Found a runed translucent gate.
 42629 | Crypt:1  | Found a runed translucent gate.
 42630 | Crypt:1  | Found a runed translucent gate.
 42632 | Crypt:1  | Noticed Houmnergh's ghost (master GnSh)
 42699 | Crypt:1  | Killed Houmnergh's ghost
 43390 | Elf:1    | Entered Level 1 of the Elven Halls
 44285 | Elf:2    | Identified the +1 pair of boots of Patience {rElec}
 44303 | Elf:2    | Paralysed by an air elemental for 1 turns
 44478 | Elf:2    | Found a runed translucent gate.
 44478 | Elf:2    | Found a runed translucent gate.
 44480 | Elf:2    | Found a runed translucent gate.
 45029 | Elf:2    | Identified the blade talisman of Philately {+Blink}
 45082 | Elf:2    | Reached XP level 25. HP: 240/243 MP: 23/23
 45232 | Elf:3    | Entered Level 3 of the Elven Halls
 45422 | Elf:3    | Reached skill level 15 in Dodging
 45674 | Elf:3    | Reached skill level 15 in Ranged Weapons
 45977 | Elf:3    | Identified the +7 broad axe of Unreason {drain, rF+}
 45977 | Elf:3    | Identified the ring "Caraluc" {rPois rN+ EV+5}
 45989 | Elf:3    | Identified the +5 broad axe of the Changing Wasp {vamp,
                  | rElec Str+5 Dex-4}
 45989 | Elf:3    | Identified the amulet "Myloneusei" {Reflect Str+6 SH+5}
 46000 | Abyss:2  | Found a corrupted altar of Lugonu.
 46000 | Abyss:2  | Cast into level 2 of the Abyss (a ghostly deep elf
                  | demonologist)
 46028 | Abyss:3  | Found a corrupted altar of Lugonu.
 46123 | Abyss:3  | Found a corrupted altar of Lugonu.
 46255 | Abyss:3  | Gained mutation: You occasionally lose the ability to drink
                  | potions when taking damage. [a neqoxec]
 46256 | Abyss:3  | Lost mutation: You possess an exceptional clarity of mind.
                  | [a neqoxec]
 46517 | Abyss:3  | Got an abyssal rune of Zot
 46591 | Elf:3    | Escaped the Abyss
 46747 | Elf:3    | Identified the amulet "Qorphim" {Acrobat Harm Int-2 Dex+2}
 46968 | Elf:3    | Identified the +1 demon whip of the Shoals {venom, Fly
                  | Will+ Dex+3}
 46972 | Elf:3    | Identified the staff of Disorder {^Fragile rElec rPois
                  | Str+7 Summ Air}
 46976 | Elf:3    | Identified the +8 sling "Winocluo" {heavy, rF+ Will+}
 47000 | Elf:3    | Identified the +1 helmet of the Abyss {-Tele *Slow rCorr
                  | Int+7}
 47010 | Elf:3    | Identified the staff of Nolo Contendere {rN+ Dex+2 Necro}
 47068 | Elf:3    | Identified the +14 chain mail "Soguch" {rN+ MP+9 Str+3
                  | Dex-3}
 47473 | Crypt:1  | Bought a potion of mutation for 184 gold pieces
 47478 | Crypt:1  | Bought a potion of curing for 45 gold pieces
 47478 | Crypt:1  | Bought a potion of curing for 45 gold pieces
 47689 | D:9      | Fell from the grace of Gozag
 47689 | D:9      | Became a worshipper of the Shining One
 48198 | Crypt:2  | Reached * piety under the Shining One
 48395 | Crypt:2  | Reached ** piety under the Shining One
 48516 | Crypt:2  | Reached skill level 1 in Invocations
 48557 | Crypt:2  | Reached *** piety under the Shining One
 48894 | Crypt:2  | Reached **** piety under the Shining One
 48901 | Crypt:2  | Noticed a dread lich
 48913 | Crypt:2  | Killed a dread lich
 48914 | Crypt:2  | Reached skill level 5 in Polearms
 49130 | Crypt:3  | Entered Level 3 of the Crypt
 49307 | Crypt:3  | Reached ***** piety under the Shining One
 49358 | Crypt:3  | Found a staircase to the Tomb.
 49361 | Crypt:3  | Reached XP level 26. HP: 253/253 MP: 24/24
 49629 | Crypt:3  | Identified the +0 helmet of Mutualism {-Tele rElec rF++
                  | Dex+2}
 49631 | Crypt:3  | Identified the +5 mace of Ydof {protect, rElec}
 49698 | Crypt:3  | Identified the +4 robe of Freedom {rPois rC+ Int+3}
 49698 | Crypt:3  | Noticed Boris
 49706 | Crypt:3  | Killed Boris
 49938 | Crypt:3  | Reached ****** piety under the Shining One
 50035 | Crypt:3  | Noticed an ancient lich
 50042 | Crypt:3  | Killed an ancient lich
 50167 | Crypt:3  | Found an ancient bone altar of Kikubaaqudgha.
 50178 | Crypt:3  | Noticed a dread lich
 50184 | Crypt:3  | Killed a dread lich
 50186 | Crypt:3  | Identified a +7 broad axe of holy wrath (a +5 broad axe
                  | blessed by the Shining One)
 50186 | Crypt:3  | Received a gift from the Shining One
 50201 | Crypt:3  | Noticed a dread lich
 50210 | Crypt:3  | Killed a dread lich
 50242 | Crypt:3  | Identified the ring of Biopuh {rF+ rN++ Slay+4 Stlth+}
 50242 | Crypt:3  | Identified the amulet "Yrchaw" {Acrobat -Tele rElec Will-
                  | Regen+ rCorr}
 50242 | Crypt:3  | Identified the ring of the Sharp Tomato {Ice rN++ Will++
                  | Str-2}
 50247 | Crypt:3  | Identified the +0 eveningstar "Nyanosim" {antimagic, *Rage
                  | rC+++ Str+5}
 50248 | Crypt:3  | Identified the +3 chain mail "Gudetsot" {rElec Regen+ Int-4
                  | Stlth+}
 50494 | Crypt:3  | Got the Grimoire of Profulgent Portents
 50625 | Tomb:1   | Entered Level 1 of the Tomb of the Ancients
 50647 | Tomb:1   | Identified the amulet "Sabreber" {Acrobat rElec rF+}
 51047 | Tomb:1   | Noticed a royal mummy
 51053 | Tomb:1   | Noticed a royal mummy
 51632 | Zot:1    | Entered Level 1 of the Realm of Zot
 52291 | Zot:1    | Identified the ring of Osihaph {rElec rF+ Will- rCorr
                  | Dex-2}
 53313 | Zot:3    | You are sucked into a shaft and drop 1 floor!
 53327 | Zot:4    | Reached XP level 27. HP: 209/262 MP: 26/26
 53647 | Zot:3    | Reached skill level 5 in Invocations
 53864 | Zot:3    | Found a snail-covered altar of Cheibriados.
 54830 | Zot:4    | Was forgiven by Gozag
 55243 | Zot:5    | Entered Level 5 of the Realm of Zot
 55266 | Zot:5    | Noticed an orb of fire
 55271 | Zot:5    | Gained mutation: You are very robust. (+20% HP) [an orb of
                  | fire]
 55273 | Zot:5    | Killed an orb of fire
 55430 | Zot:5    | Lost mutation: You are very robust. (+20% HP) [potion of
                  | mutation]
 55430 | Zot:5    | Lost mutation: Your system is resistant to poisons. (rPois)
                  | [potion of mutation]
 55430 | Zot:5    | Gained mutation: Your natural rate of healing is unusually
                  | fast. [potion of mutation]
 55430 | Zot:5    | Gained mutation: Your system is resistant to poisons.
                  | (rPois) [potion of mutation]
 55562 | Zot:5    | Noticed a dread lich
 55570 | Zot:5    | Killed a dread lich
 55643 | Zot:5    | Noticed an ancient lich
 55649 | Zot:5    | Killed an ancient lich
 55743 | Zot:5    | Noticed an orb of fire
 55748 | Zot:5    | Gained mutation: You occasionally lose the ability to read
                  | scrolls when taking damage. [an orb of fire]
 55759 | Zot:5    | Killed an orb of fire
 55972 | Zot:5    | Noticed an ancient lich
 55985 | Zot:5    | Killed an ancient lich
 56131 | Zot:5    | Noticed an orb of fire
 56134 | Zot:5    | Gained mutation: Your flesh is very cold resistant. (rC++)
                  | [an orb of fire]
 56144 | Zot:5    | Killed an orb of fire
 56266 | Zot:5    | Noticed an ancient lich
 56267 | Zot:5    | Noticed an ancient lich
 56273 | Zot:5    | Noticed an orb of fire
 56278 | Zot:5    | Killed an orb of fire
 56279 | Zot:5    | Killed an ancient lich
 56286 | Zot:5    | Killed an ancient lich
 56667 | Hell     | Entered the Vestibule of Hell
 56667 | Hell     | Noticed Geryon
 56695 | Hell     | Killed Geryon
 56734 | Hell     | Found a gateway to the freezing wastes of Cocytus.
 56966 | Hell     | Noticed Murray
 56977 | Hell     | Killed Murray
 57078 | Hell     | Found a gateway to the decaying netherworld of Tartarus.
 57194 | Hell     | Found a gateway to the ashen valley of Gehenna.
 57247 | Tar:1    | Entered Level 1 of Tartarus
 58004 | Abyss:3  | Found a corrupted altar of Lugonu.
 58004 | Abyss:3  | Cast into level 3 of the Abyss (profane servitor)
 58010 | Abyss:4  | Found a corrupted altar of Lugonu.
 58020 | Tar:6    | Escaped the Abyss
 58060 | Tar:7    | Entered Level 7 of Tartarus
 58060 | Tar:7    | Noticed Ereshkigal
 58073 | Tar:7    | Killed Ereshkigal
 58082 | Tar:7    | Got a bone rune of Zot
 58640 | Tar:7    | Found the +15 Maxwell's patent armour {-Cast -Tele rElec
                  | Will+ rCorr}
 58680 | Tar:7    | Identified the -1 pair of gloves of the Ferocious God
                  | {rCorr Str+2 Int-4 SInv}
 58695 | Tar:7    | Identified the staff "Xyujom" {rF+ Dex+3 SInv Fire}
 58777 | Tar:7    | Identified the +4 flail "Ykank" {drain, rF+ rCorr}
 58801 | Tar:7    | Got Ongesess's Secrets of Caliginous Concussion
 59294 | Tar:7    | Identified the amulet "Wedinet" {RegenMP rC+ Dex+3}
 59295 | Tar:7    | Identified the +1 cloak "Byluvi" {rPois rC++}
 59297 | Tar:7    | Got the Discursus on Elliptic Conduction
 59397 | Tar:7    | Identified the +4 flail of the Visionary {holy, Fly rPois}
 59510 | Geh:1    | Entered Level 1 of Gehenna
 59861 | Geh:7    | Entered Level 7 of Gehenna
 59894 | Geh:7    | Reached skill level 10 in Invocations
 60061 | Geh:7    | Noticed the Serpent of Hell
 60068 | Geh:7    | Killed the Serpent of Hell
 60069 | Geh:7    | Reached skill level 27 in Axes
 60118 | Geh:7    | Reached skill level 27 in Fighting
 60191 | Geh:7    | Identified the +4 great sword of the Enfolding Gods {venom,
                  | Str+3}
 60327 | Geh:7    | Identified the +7 long sword "Ybana" {flame, rN+}
 60334 | Geh:7    | Identified the +1 cloak "Piadaniu" {Harm}
 60346 | Geh:7    | Identified the +1 scale mail "Curhuot" {+Inv Str+3 Stlth+}
 60366 | Geh:7    | Found the +13 sceptre of Asmodeus
 60366 | Geh:7    | Noticed Asmodeus
 60379 | Geh:7    | Killed Asmodeus
 60392 | Geh:7    | Got an obsidian rune of Zot
 60870 | Zot:5    | Got the Orb of Zot
 60964 | Zot:3    | Noticed Sapeome the pandemonium lord
 60973 | Zot:3    | Killed Sapeome the pandemonium lord
 61186 | D:15     | Gained mutation: Your body sometimes deteriorates upon
                  | taking damage. [a neqoxec]
 61219 | D:13     | Noticed Pigop the pandemonium lord
 61233 | D:13     | Killed Pigop the pandemonium lord
 61481 | D:$      | Escaped with the Orb!

Illustrated notes

Levels and vault maps discovered:
D:1:      lightli_arrival_statuegarden, layout_basic,
          hellmonk_ecumenical_altar_run_dry
D:2:      layout_rooms
D:3:      layout_basic, uniq_robin, uniq_grinder
D:4:      minmay_angry_zag, layout_cave_pools, nicolae_overflow_hidden_temple,
          marbit_many_paths, serial_demonic, serial_demonic_g, serial_demonic_d,
          serial_demonic_a, serial_demonic_b, wad_orctagon
D:5:      layout_rooms, nicolae_overflow_crystal_walls
D:6:      layout_basic, mainiacjoe_overflow_six_doors_small,
          lemuel_temple_firewalk_b, portal_sewer_entry_f
D:7:      statuecave_lemuel, layout_basic, old_standard_altar, serial_shops,
          shop
D:8:      layout_cave_pods, hangedman_misty_isle, uniq_amaemon
D:9:      due_megacathedral, layout_loops_ring, kennysheep_mini_moat,
          evilmike_ruin_ashenzari, kiku_gazebo_pond_becter,
          mainiacjoe_overflow_tiny_flanked, kennysheep_mini, serial_glass,
          glass_columns_a, glass_columns_b, glass_columns_a, glass_columns_a,
          item_on_display_a, feat_on_display, item_on_display_a
D:10:     layout_cave_pools, david_lair_generic, erik_orc_1,
          nicolae_shop_sticking_my_neck_out, uniq_maurice
D:11:     layout_rooms, portal_ice_cave_rime, patterned_corridor, uniq_harold,
          uniq_psyche
D:12:     layout_cave_pools, nicolae_shop_firing_range, uniq_fannar,
          uniq_josephine
D:13:     layout_long_grid, hellmonk_vaults_order_and_chaos,
          nicolae_hepliaklqana_monster_ancestors
D:14:     layout_loops_ring, chequers_serial_rivers_micro_a,
          kennysheep_generic_room_12
D:15:     gammafunk_depths_entry_grave, layout_loops_ring,
          serial_co_window_serial, co_window_corner_a, co_window_paths_a,
          co_window_of_opportunity_a, co_window_corner_a, co_window_paths_a,
          co_window_cross_2, co_window_corner_ca, co_window_unsneaky_path_d,
          co_window_unsneaky_path_a, co_window_corner_b, co_window_2corner,
          co_window_2corner, glass_columns_a, glass_columns_b, serial_shops,
          nicolae_shop_stone, st_stairs_1, nicolae_transmutations_shop,
          roderic_serpentine_path
Temple:   minmay_temple_forest_path
Lair:1:   minmay_lair_oklob_chamber, layout_regular_city, uniq_nergalle
Lair:2:   layout_cave_pods, nicolae_snake_entry_squirm
Lair:3:   layout_long_grid, nicolae_shoals_entry_flooding,
          infiniplex_staircase_pool, uniq_snorg, uniq_gastronok
Lair:4:   gammafunk_indiana_jones, layout_regular_city
Lair:5:   due_jungle_book, layout_regular_city, nicolae_slime_entry_field_trip,
          grunt_megastairs_3, lemuel_fruit_fields, uniq_nessos
Shoals:1: layout_shoals, nicolae_shop_dragon_depot,
          nicolae_shoals_stone_sculpture_thing, argonaut_gorgonesque
Shoals:2: layout_shoals, serial_shops, nicolae_shop_tiny_glass,
          nicolae_shoals_beach_cooler, uniq_donald, uniq_polyphemus
Shoals:3: layout_shoals, nicolae_island_escapes
Shoals:4: shoals_end_hellmonk_holy_island
Snake:1:  layout_layer_cave, grunt_megastairs_2
Snake:2:  layout_gridlike, uniq_vashnia
Snake:3:  layout_misc_corridors
Snake:4:  minmay_snake_end_coiled, layout_cave_town, uniq_aizul, uniq_louise,
          uniq_asterion, uniq_nikola, uniq_agnes
Orc:1:    layout_diamond_mine, basic_altar, uniq_jorgrun
Orc:2:    grunt_orc_community_town_hall, layout_diamond_mine,
          grunt_orc_community_big_house_2, grunt_orc_community_big_house_1,
          grunt_orc_community_house_1, grunt_orc_community_house_3,
          grunt_orc_community_house_1, grunt_orc_community_house_2,
          grunt_orc_community_house_1
Elf:1:    eino_elf_arrival_shootout, layout_gridlike, kilobyte_rumbling_trees
Elf:2:    elven_hall_of_blades_hangedman_original
          [nicolae_blade_entry_antechamber], layout_gridlike
Elf:3:    elf_hall, layout_geoelf_diagonals, minivault_25_ag, drop_trap
Vaults:1: v_misc_4, dpeg_vaults_monster_box, nicolae_vaults_weapon_check,
          v_misc_22, v_misc_14, nicolae_vaults_tetromino_T_1, minmay_orc_keep,
          nicolae_vaults_closet_pinwheel_6, nicolae_vaults_mini_display_case,
          nicolae_vaults_tetromino_Z_1, layout_vaults_omnicross, serial_shops,
          shop
Vaults:2: ebering_ghost_reflecting_pool, vaults_room_hangedman_quadrants,
          nicolae_vaults_trapezoid_3, hangedman_vaults_river_flow,
          nicolae_vaults_meiosis, nicolae_vaults_trapezoid_3,
          nicolae_vaults_door_testing_chamber, nicolae_vaults_big_angled_halls,
          nicolae_vaults_shrinking_rooms_1, hangedman_vaults_corner,
          vaults_dpeg_hooks, vaults_room_octagon, vaults_dpeg_diagonal,
          nicolae_vaults_offset_grid_hallway_3, layout_vaults_maze
Vaults:3: hangedman_vaults_nodes, v_rooms_4, minmay_crypt_entry_necro_gods,
          vaults_room_grunt_arrival_checkpoint, nicolae_vaults_apartment_2,
          vaults_room_corners, st_octagons_1, v_misc_10,
          nicolae_vaults_sightless_eye, layout_vaults_chaotic_city
Vaults:4: fort_yaktaur, v_misc_3, nicolae_vaults_tetromino_L_2,
          hangedman_vaults_cutoff, nicolae_vaults_storage_room_water,
          nicolae_vaults_cochlea, nicolae_vaults_house_2,
          nicolae_vaults_network_quinsquares
          [nicolae_vaults_network_quincunx_subvault,
          nicolae_vaults_network_quincunx_subvault,
          nicolae_vaults_network_quincunx_subvault,
          nicolae_vaults_network_quincunx_subvault], nicolae_vaults_apartment_2,
          lemuel_angel_altar, nicolae_vaults_house_1, layout_vaults_omnibox,
          uniq_bai_suzhen
Vaults:5
Crypt:1:  layout_chaotic_city, ebering_ghost_rock_garden,
          minmay_misc_feat_alley, grunt_megastairs_1, uniq_jory
Crypt:2:  layout_gridlike, st_shrine_of_skulls
Crypt:3:  quadcrypt_mu
Tomb:1
Depths:1: minmay_box_of_statues, layout_cross,
          nicolae_abyss_entry_one_way_or_another, hellmouth_3, serial_rivers,
          chequers_serial_rivers_micro_e, chequers_serial_rivers_micro_d,
          chequers_serial_rivers_large_b, chequers_serial_rivers_micro_e,
          st_stairs_1, grunt_decor_one_mirror, hangedman_decor_lopped,
          minmay_misc_feat_square, zin_purify, uniq_boris
Depths:2: hangedman_crystal_crosses_colossus [crystal_crosses_arms_four,
          crystal_crosses_arms_two, crystal_crosses_arms_two], pan_entry,
          hell_entry
Depths:3: minmay_tri_stars, layout_basic, enter_ziggurat_d,
          hangedman_coc_ice_floe, abyss_entry, infiniplex_staircase_squiggle,
          uniq_enchantress
Depths:4: evilmike_zot_entry_round, layout_gridlike, minivault_14, hell_entry,
          kennysheep_kite_vault, uniq_parghit
Hell
Geh:1:    layout_gehenna_pools_triple
Geh:2:    layout_gehenna_pools_box
Geh:3:    nicolae_geh_split_lavaduct, layout_gehenna_lava_caves
Geh:4:    layout_gehenna_pools_box
Geh:5:    layout_gehenna_pools_box
Geh:6:    layout_gehenna_pools_triple, nicolae_geh_lavax
Geh:7:    geh_old
Tar:1:    layout_grid_maze
Tar:2:    layout_cathedral_of_symmetry
Tar:3:    layout_cathedral_of_symmetry
Tar:4:    layout_honeycomb, nicolae_hells_hurtin_island
Tar:5:    layout_cathedral_of_symmetry
Tar:6:    layout_cathedral_of_symmetry, nicolae_tar_spectre_spectrum
Tar:7:    tar_mu [tar_mu_maze]
Zot:1:    layout_gridlike, grunt_megastairs_5
Zot:2:    layout_basic
Zot:3:    layout_basic, regret_index_zotdec_serpentine_scales
Zot:4:    layout_basic, nicolae_tricolors, regret_index_zotdec_twisting_globes
Zot:5:    layout_cathedral_of_symmetry

Skill      XL: |  1  2  3  4  5  6  7  8  9 10 11 12 13 14 15 16 17 18 19 20 21 22 23 24 25 26 27 |
---------------+----------------------------------------------------------------------------------+-----
Armour         | 3 4 5 6 7 8 9 10 11 12 13 14 15 16 17 20 | 20.8
Axes           | 3 5 6 7 9 11 13 15 17 18 19 20 21 22 23 24 27 | 27.0
Dodging        | 1 2 3 4 5 6 7 8 9 10 11 12 13 14 15 16 18 | 18.8
Fighting       | 4 5 6 7 8 9 11 13 14 15 18 20 21 22 23 24 27 | 27.0
Evocations     | 3 4 6 8 9 10 11 12 13 14 15 16 17 18 19 20 21 22 25 | 25.3
Polearms       | 2 4 5 6 |  6.6
Stealth        | 1 2 3 4 5 |  5.9
Ranged Weapons | 2 5 7 9 10 11 13 14 15 | 15.3
Throwing       | 1 2 3 |  3.1
Invocations    | 2 4 10 | 10.7
Shields        | |  2.1

Action                     |  1- 3 |  4- 6 |  7- 9 | 10-12 | 13-15 | 16-18 | 19-21 | 22-24 | 25-27 || total
---------------------------+-------+-------+-------+-------+-------+-------+-------+-------+-------++-------
  Melee: War axe           |   108 |   140 |   235 |   218 |       |       |       |       |       ||   701
         Hand axe          |       |    17 |   136 |       |   417 |       |       |       |       ||   570
         Spear             |       |       |    90 |   206 |       |       |       |       |       ||   296
         Broad axe         |       |       |       |   388 |  1018 |  1607 |  1431 |  1942 |  3141 ||  9527
         Trishula          |       |       |       |       |       |       |       |       |   133 ||   133
  Throw: Boomerang         |       |       |     1 |     8 |       |     4 |     3 |     3 |     8 ||    27
         Throwing net      |       |       |       |       |       |     2 |       |       |       ||     2
         Javelin           |       |       |       |       |       |       |    17 |     7 |     4 ||    28
 Invoke: Call Merchant     |       |       |       |       |       |     3 |       |     6 |     1 ||    10
         Brand Weapon With |       |       |       |       |       |       |       |       |     1 ||     1
         Cleansing Flame   |       |       |       |       |       |       |       |       |     5 ||     5
  Evoke: Wand              |       |       |     3 |    22 |       |    31 |    15 |    26 |    43 ||   140
         Lightning rod     |       |       |       |       |     4 |     8 |     2 |     4 |     4 ||    22
         Tin of tremorston |       |       |       |       |       |     2 |     4 |     1 |     3 ||    10
         Phial of floods   |       |       |       |       |       |       |     1 |       |       ||     1
         Box of beasts     |       |       |       |       |       |       |     1 |     1 |       ||     2
    Use: Scroll            |       |     1 |    13 |    10 |     6 |     6 |     6 |    10 |    15 ||    67
         Potion            |       |     2 |     4 |     8 |     6 |    12 |     6 |     4 |    25 ||    67
   Stab: Distracted        |       |       |     1 |     5 |     7 |     9 |     7 |    13 |     1 ||    43
         Invisible         |       |       |       |     8 |    14 |       |       |       |       ||    22
         Petrified         |       |       |       |       |       |     3 |       |       |       ||     3
         Petrifying        |       |       |       |       |       |     2 |       |       |       ||     2
         Confused          |       |       |       |       |       |       |       |       |     2 ||     2
 Armour: Scale mail        |    96 |       |       |       |       |       |       |       |       ||    96
         Plate armour      |       |   148 |   232 |   381 |   494 |   466 |       |       |       ||  1721
         Chain mail        |       |    19 |       |       |       |       |       |       |       ||    19
         Gold dragon scale |       |       |       |       |       |   177 |   522 |   766 |  1627 ||  3092
         Skin              |       |       |       |       |       |       |    11 |       |       ||    11
  Dodge: Dodged            |    58 |    58 |    75 |   181 |   326 |   446 |   318 |   469 |  1155 ||  3086
  Block: Buckler           |    28 |    37 |       |       |       |       |       |       |       ||    65
         Other             |       |       |       |       |   126 |   125 |   121 |    95 |   254 ||   721
         Reflection        |       |       |       |       |     8 |    26 |    14 |     8 |     2 ||    58
         Form:             |       |       |       |       |       |       |     1 |       |       ||     1
         Serpent           |       |       |       |       |       |       |     1 |       |       ||     1

Table legend: (Time is in decaauts)
 A = Elapsed time spent in this place.
 B = Non-inter-level travel time spent in this place.
 C = Inter-level travel time spent in this place.
 D = Time resting spent in this place.
 E = Time spent auto-exploring this place.
 F = Levels seen in this place.
 G = Mean time per level.
                   A        B        C        D        E       F      G
               +--------+--------+--------+--------+--------+-----+--------+
         Total |  60608 |  56544 |   4064 |   3970 |  14127 |  73 |  830.2 |
       Dungeon |  12767 |  11675 |   1092 |      0 |   5840 |  15 |  851.1 |
        Temple |    133 |    133 |      0 |      0 |      0 |   1 |  133.0 |
          Lair |   5372 |   5022 |    350 |      0 |   1635 |   5 | 1074.4 |
        Shoals |   3967 |   3799 |    168 |    364 |    156 |   4 |  991.8 |
     Snake Pit |   4393 |   4115 |    278 |    465 |   1126 |   4 | 1098.2 |
  Orcish Mines |   2247 |   1853 |    394 |     52 |    185 |   2 | 1123.5 |
   Elven Halls |   3152 |   3023 |    129 |    227 |    658 |   3 | 1050.7 |
        Vaults |   8259 |   7368 |    891 |    664 |   1467 |   5 | 1651.8 |
         Crypt |   3930 |   3762 |    168 |    270 |    752 |   3 | 1310.0 |
          Tomb |    477 |    477 |      0 |     61 |      0 |   1 |  477.0 |
        Depths |   5873 |   5505 |    368 |    816 |    873 |   4 | 1468.2 |
          Hell |    658 |    658 |      0 |     53 |      0 |   1 |  658.0 |
       Gehenna |    980 |    980 |      0 |     93 |      0 |   7 |  140.0 |
      Tartarus |   2268 |   2268 |      0 |    500 |      0 |   7 |  324.0 |
           Zot |   5208 |   4987 |    221 |    331 |   1434 |   5 | 1041.6 |
         Abyss |    546 |    546 |      0 |      0 |      0 |   4 |  136.5 |
         Sewer |     95 |     95 |      0 |      0 |      0 |   1 |   95.0 |
      Ice Cave |    276 |    276 |      0 |     74 |      0 |   1 |  276.0 |
               +--------+--------+--------+--------+--------+-----+--------+

Top non-repeatable levels by time:
Vaults:5: 1829 daAuts
Vaults:2: 1829 daAuts
Depths:4: 1803 daAuts
Vaults:3: 1745 daAuts
 Snake:4: 1702 daAuts
 Crypt:3: 1678 daAuts
    D:15: 1549 daAuts
Vaults:1: 1477 daAuts
   Tar:7: 1453 daAuts
Depths:1: 1435 daAuts
   Zot:5: 1380 daAuts
Vaults:4: 1376 daAuts
Depths:2: 1340 daAuts
  Lair:5: 1321 daAuts
 Snake:1: 1307 daAuts
